 Dungeon Crawl Stone Soup version 0.29-a0-321-gf1c400731a (console) character file.

Game seed: 10198597566121928346

90 Ignak the Stinger (level 4, -4/28 (32) HPs)
             Began as a Gnoll Venom Mage on Apr 4, 2022.
             Slain by Grinder (7 damage)
             ... on level 3 of the Dungeon.
             The game lasted 00:08:50 (3009 turns).

Ignak the Stinger (Gnoll Venom Mage)                Turns: 3009, Time: 00:08:50

HP:   -4/28 (32)    AC:  2    Str:  7    XL:     4   Next: 56%
MP:   8/11          EV: 29    Int: 16    God:
Gold: 163           SH:  0    Dex: 19    Spells: 0/13 levels left

rFire   . . .      SeeInvis .   m - +3 dagger
rCold   . . .      Faith    .   (no shield)
rNeg    . . .      Spirit   .   a - +0 robe
rPois   .          Reflect  .   (no helmet)
rElec   .          Harm     .   j - scarf {+Inv}
rCorr   .          Rampage  .   (no gloves)
Will    .....                   (no boots)
Stlth   +++.......              o - amulet of the acrobat
HPRegen 0.09/turn               p - +6 ring of dexterity
MPRegen 0.12/turn               (no ring)

@: about to teleport, acrobatic, studying Slings, heavily drained
A: fangs 1, strong nose, distributed training
a: Evoke Invisibility


You were on level 3 of the Dungeon.
You visited 1 branch of the dungeon, and saw 3 of its levels.

You collected 163 gold pieces.

Inventory:

Hand Weapons
 m - a +3 dagger (weapon)
Missiles
 l - 5 poisoned darts (quivered)
Armour
 a - a +0 robe (worn)
 j - a scarf of invisibility (worn)
Jewellery
 o - an amulet of the acrobat (around neck)
 p - a +6 ring of dexterity (left hand)
Scrolls
 c - a scroll of amnesia {unknown}
 e - a scroll of vulnerability
 f - a scroll of identify
 g - a scroll of magic mapping
 h - a scroll of teleportation
 i - a scroll of immolation {unknown}
 k - a scroll of summoning {unknown}
 n - a scroll of blinking {unknown}
Potions
 b - a potion of magic
 d - a potion of brilliance


   Skills:
 + Level 1.2 Fighting
 + Level 1.2 Short Blades
 + Level 1.2 Long Blades
 + Level 1.2 Axes
 + Level 1.2 Maces & Flails
 + Level 1.2 Polearms
 + Level 1.2 Staves
 + Level 1.2 Slings
 + Level 1.2 Bows
 + Level 1.2 Crossbows
 + Level 1.2 Throwing
 + Level 1.2 Armour
 + Level 4.6 Dodging
 + Level 4.3 Stealth
 + Level 1.2 Shields
 + Level 1.2 Unarmed Combat
 + Level 5.1 Spellcasting
 + Level 1.0 Conjurations
 + Level 1.0 Hexes
 + Level 1.0 Summonings
 + Level 1.0 Necromancy
 + Level 1.0 Translocations
 + Level 2.2 Transmutations
 + Level 1.0 Fire Magic
 + Level 1.0 Ice Magic
 + Level 1.0 Air Magic
 + Level 1.0 Earth Magic
 + Level 5.5 Poison Magic
 + Level 1.3 Invocations
 + Level 1.2 Evocations


You couldn't memorise any spells.
You knew the following spells:

 Your Spells              Type           Power      Damage    Failure   Level
a - Foxfire               Conj/Fire      28%        2x1d5     10%         1
b - Sting                 Tmut/Pois      64%        1d6       3%          1
d - Mephitic Cloud        Conj/Pois/Air  12%        N/A       16%         3
f - Flame Wave            Conj/Fire      7%         2d5       69%         4
z - Olgreb's Toxic Radia  Pois           21%        N/A       16%         4

Your spell library contained the following spells:

 Spells                   Type           Power      Damage    Failure   Level
 Poisonous Vapours        Pois/Air       28%        N/A       6%          2
 Freeze                   Ice            28%        1d5       10%         1
 Sandblast                Erth           14%        2d6       10%         1
 Passwall                 Tmut/Erth      7%         N/A       12%         2
 Corpse Rot               Necr/Air       14%        N/A       16%         2
 Conjure Flame            Conj/Fire      7%         6-21      30%         3
 Frozen Ramparts          Ice            14%        1d3       30%         3
 Inner Flame              Hex/Fire       7%         N/A       30%         3
 Stone Arrow              Conj/Erth      14%        3d7       30%         3
 Dispel Undead            Necr           7%         3d8       69%         4
 Hailstorm                Conj/Ice       7%         3d4       69%         4
 Death Channel            Necr           3%         N/A       100%        6


Dungeon Overview and Level Annotations

Branches:
Dungeon (3/15)

Altars:

Annotations:
D:3 Grinder


Innate Abilities, Weirdness & Mutations

You have very sharp teeth.
Your uncanny sense of smell can sniff out nearby items.
Your experience applies equally to all skills.


Message History

Okay, then.
Casting: Foxfire (safe; 10% risk of failure)
Confirm with . or Enter, or press ? or * to list all spells.
You conjure some foxfire!
Grinder completely misses you.
Your foxfire dissipates!
The foxfire hits Grinder.
Grinder is lightly wounded.
Grinder blinks!
Press: ? - help, v - describe, . - travel The floor.
There is a cloud of translocational energy here.
Grinder gestures at you.
You suddenly lose the ability to move!
Grinder blinks!
Grinder gestures at you. Pain shoots through your body!
You can move again.
Unknown command.
Unknown command.
Casting: Foxfire (safe; 10% risk of failure)
Confirm with . or Enter, or press ? or * to list all spells.
You conjure some foxfire!
Grinder hits you.
* * * LOW HITPOINT WARNING * * *
You writhe in agony.
* * * LOW HITPOINT WARNING * * *
Unknown command.
The foxfire hits Grinder.
Grinder is moderately wounded.
The foxfire hits Grinder.
Grinder is moderately wounded.
As you read the scroll labelled UNNEIL HIB, it crumbles to dust.
It is a scroll of identify.
e - a scroll of vulnerability Grinder closely misses you.
As you read the scroll labelled TUYGOF IQONI, it crumbles to dust.
You feel strangely unstable.
It was a scroll of teleportation.
Grinder misses you.
Grinder says, "Don't move a muscle."
Grinder hits you!
You die...

.........[........#.# #.....#
..................#.#*****#######
..######..........#,,,,,,,,,,,,,,
..# #....).†...#,*************
..# #..........#,* ******** ..#
#......†...#.# *,,,,,,, ..#
#####......#.# *,,,,,,, ###
#......#.# *,,,,,,, #.).5@.#.#
*,,,,,,, ######.#.# *,,,,,,,
#.#.# *,,,,,,, #.#v# ***+*,,,
#...# *,*,,, *##..#** *,*,,,
*,.....* *,***, *......# *,* *,
#...$..#*****,***,


You could see Grinder.

Vanquished Creatures
  2 adders (D:2)
  2 worms (D:2)
  A dart slug (D:3)
  An orc (D:3)
  7 ball pythons
  3 bats
  6 endoplasms
  3 giant cockroaches
  3 goblins (D:1)
  9 hobgoblins
  2 jackals (D:1)
  3 kobolds
  3 quokkas
  3 frilled lizards (D:1)
  5 rats
53 creatures vanquished.

Vanquished Creatures (others)
  An adder (D:2)
  11 foxfires
12 creatures vanquished.

Grand Total: 65 creatures vanquished

Notes
Turn   | Place    | Note
-------+----------+-------------------------------------------
     0 | D:1      | Ignak the Gnoll Venom Mage began the quest for the Orb.
     0 | D:1      | Reached XP level 1. HP: 13/13 MP: 6/6
   235 | D:1      | Reached XP level 2. HP: 16/19 MP: 3/7
   673 | D:1      | Reached XP level 3. HP: 25/25 MP: 7/9
   677 | D:1      | Learned a level 3 spell: Mephitic Cloud
   847 | D:1      | Reached skill level 5 in Spellcasting
  1356 | D:2      | Reached skill level 1 in Invocations
  1602 | D:2      | Reached skill level 1 in Fighting
  1602 | D:2      | Reached skill level 1 in Short Blades
  1602 | D:2      | Reached skill level 1 in Long Blades
  1602 | D:2      | Reached skill level 1 in Axes
  1602 | D:2      | Reached skill level 1 in Maces & Flails
  1602 | D:2      | Reached skill level 1 in Polearms
  1602 | D:2      | Reached skill level 1 in Staves
  1602 | D:2      | Reached skill level 1 in Slings
  1602 | D:2      | Reached skill level 1 in Bows
  1602 | D:2      | Reached skill level 1 in Crossbows
  1602 | D:2      | Reached skill level 1 in Throwing
  1602 | D:2      | Reached skill level 1 in Armour
  1602 | D:2      | Reached skill level 1 in Shields
  1602 | D:2      | Reached skill level 1 in Unarmed Combat
  1602 | D:2      | Reached skill level 1 in Evocations
  1690 | D:2      | Reached XP level 4. HP: 32/32 MP: 9/11
  1707 | D:2      | Learned a level 4 spell: Olgreb's Toxic Radiance
  1712 | D:2      | Learned a level 4 spell: Flame Wave
  1722 | D:2      | Learned a level 1 spell: Foxfire
  2887 | D:3      | Reached skill level 1 in Conjurations
  2887 | D:3      | Reached skill level 1 in Hexes
  2887 | D:3      | Reached skill level 1 in Summonings
  2887 | D:3      | Reached skill level 1 in Necromancy
  2887 | D:3      | Reached skill level 1 in Translocations
  2887 | D:3      | Reached skill level 1 in Fire Magic
  2887 | D:3      | Reached skill level 1 in Ice Magic
  2887 | D:3      | Reached skill level 1 in Air Magic
  2887 | D:3      | Reached skill level 1 in Earth Magic
  2968 | D:3      | Noticed Grinder
  2983 | D:3      | Paralysed by Grinder for 7 turns
  2999 | D:3      | Paralysed by Grinder for 6 turns
  3009 | D:3      | Slain by Grinder

Illustrated notes

Levels and vault maps discovered:
D:1:      psy_arrival_radial01, layout_loops_cross, serial_glass,
          glass_columns_c, glass_columns_b
D:2:      layout_loops_cross, lemuel_flame_loot_1
D:3:      layout_basic, minmay_diced_spiral, uniq_grinder

Skill      XL: |  1  2  3  4 |
---------------+-------------+-----
Transmutations | 2 |  2.2
Spellcasting   | 5 |  5.1
Invocations    | 1 |  1.3
Fighting       | 1 |  1.2
Short Blades   | 1 |  1.2
Long Blades    | 1 |  1.2
Axes           | 1 |  1.2
Maces & Flails | 1 |  1.2
Polearms       | 1 |  1.2
Staves         | 1 |  1.2
Slings         | 1 |  1.2
Bows           | 1 |  1.2
Crossbows      | 1 |  1.2
Throwing       | 1 |  1.2
Armour         | 1 |  1.2
Shields        | 1 |  1.2
Unarmed Combat | 1 |  1.2
Evocations     | 1 |  1.2
Conjurations   | 1 |  1.0
Hexes          | 1 |  1.0
Summonings     | 1 |  1.0
Necromancy     | 1 |  1.0
Translocations | 1 |  1.0
Fire Magic     | 1 |  1.0
Ice Magic      | 1 |  1.0
Air Magic      | 1 |  1.0
Earth Magic    | 1 |  1.0
Dodging        | |  4.6
Stealth        | |  4.3
Poison Magic   | |  5.5

Action                   |  1- 3 |  4- 6 || total
-------------------------+-------+-------++-------
Melee: Unarmed           |     8 |       ||     8
       Bite              |     2 |     3 ||     5
       Mace              |    20 |     7 ||    27
       Dagger            |     4 |    27 ||    31
       Punch             |     1 |       ||     1
Throw: Dart              |       |     4 ||     4
 Cast: Sting             |    67 |     5 ||    72
       Foxfire           |       |     9 ||     9
       Olgreb's Toxic Ra |       |     1 ||     1
  Use: Potion            |     4 |       ||     4
       Scroll            |       |     3 ||     3
 Stab: Sleeping          |     1 |     1 ||     2
Armor: Robe              |    11 |    11 ||    22
Dodge: Dodged            |    49 |    37 ||    86

Table legend: (Time is in decaauts)
 A = Elapsed time spent in this place.
 B = Non-inter-level travel time spent in this place.
 C = Inter-level travel time spent in this place.
 D = Time resting spent in this place.
 E = Time spent auto-exploring this place.
 F = Levels seen in this place.
 G = Mean time per level.
                   A        B        C        D        E       F      G
               +--------+--------+--------+--------+--------+-----+--------+
         Total |   2994 |   2964 |     30 |    420 |   1631 |   3 |  998.0 |
       Dungeon |   2994 |   2964 |     30 |    420 |   1631 |   3 |  998.0 |
               +--------+--------+--------+--------+--------+-----+--------+

Top non-repeatable levels by time:
     D:1: 1313 daAuts
     D:2: 1258 daAuts
     D:3: 423 daAuts
